 Dungeon Sprint DCSS version 0.21.1-1-g345015f (webtiles) character file.

4500000 Fang the Sabretooth (level 16, -27/100 HPs)
             Began as a Felid Fighter on Apr 18, 2018.
             Was an Elder of Makhleb.
             Annihilated by a bag of meat
             ... wielding a +9 war axe
              (45 damage)
             ... in the Dungeon (Sprint VIII: "Arena of Blood").
             The game lasted 00:00:46 (45 turns).

Fang the Sabretooth (Felid Fighter)                   Turns: 45, Time: 00:00:47

Health: -27/100    AC:  3    Str: 17    XL:     16   Next: 75%
Magic:  46/46      EV: 40    Int:  9    God:    Makhleb [****..]
Gold:   0          SH:  0    Dex: 18    Spells: 66/66 levels left
                                        Lives:  0   Deaths: 5

rFire    . . .     SeeInvis +     - Unarmed
rCold    + . .     Gourm    .   (shield unavailable)
rNeg     . . .     Faith    .   (armour unavailable)
rPois    .         Spirit   .   (helmet unavailable)
rElec    .         Reflect  .   (cloak unavailable)
rCorr    .         Harm     .   (gloves unavailable)
MR       ++...     NoTele   +   (boots unavailable)
Stlth    +++++++++.             (no amulet)
HPRegen  0.26/turn              i - +27000 ring of slaying
MPRegen  0.30/turn              (no ring)

@: quick
A: very small, no armour, no weapons or thrown items, stealth, claws 1, fangs 3,
see invisible, carnivore, speed 1, shaggy fur 3, slow metabolism 1, sharp paws
a: Minor Destruction, Lesser Servant of Makhleb, Major Destruction, Renounce
Religion


You were in the Dungeon.
You worshipped Makhleb.
Makhleb was greatly pleased with you.
You were not hungry.

You visited 1 branch

Inventory:

Jewellery
 i - a +27000 ring of slaying (left paw)
Scrolls
 h - a scroll of blinking
Potions
 a - a potion of might
 c - a potion of curing
 d - a potion of heal wounds
 e - a potion of haste
 f - 2 potions of magic
 g - a potion of berserk rage
Comestibles
 b - a ration


   Skills:
 O Level 27 Fighting
 O Level 27 Dodging
 O Level 27 Stealth
 O Level 27 Unarmed Combat
 + Level 25.8 Spellcasting
 O Level 27 Invocations


You had 66 spell levels left.
You didn't know any spells.

Dungeon Overview and Level Annotations

Branches:
Dungeon (1/1)

Altars:
Makhleb


Innate Abilities, Weirdness & Mutations

You cannot wear armour.
You are incapable of wielding weapons or throwing items.
Your paws allow you to move quietly. (Stealth)
You have sharp claws.
You have razor-sharp teeth.
You have supernaturally acute eyesight. (SInv)
You are carnivorous and can eat meat at any time.
You cover ground quickly.
Your thick and shaggy fur keeps you warm. (AC +3, rC+)
You have a slow metabolism.
Your sharp claws are effective at attacking unaware monsters.


Message History

Makhleb accepts your kill.
Your Spellcasting skill increases to level 25!
You have mastered Invocations!
You hear a shout! x6
A bag of meat comes into view. It is wielding a +9 war axe.
You hear a shout! x3
The meat berserker rages.
You hear a shout!
The bag of meat hits you with a +9 war axe!!!
You hear a shout! x2
Things that are here:
a +9 war axe; a +30 ring of slaying; a bag of meat corpse 2 orcs and an ogre come into view.
You hear a shout!
The large bag of meat completely misses you.
The large bag of meat hits you with a +9 giant spiked club!!!
* * * LOW HITPOINT WARNING * * *
You hear a shout! x3
The bag of meat hits you with a +9 war axe!!!
You die... ..#....V.........
O.o

#.#.#Vo......... .
o...#.#............ ..##
...#.#.#...........
..oo##...#.#O....#......
...oO#..................
.....o.##..O....##o#.o..
#..o.o##o...o.........
#O@)O..####....#o..
####....o.......oo.
####........O)..
####.....V†=. ##########


You could see a large bag of meat (inner flame), 3 meat berserkers and 11 bags
of meat.

Vanquished Creatures
  A vampire knight (D)
  4 ogres (D)
  9 orcs (D)
14 creatures vanquished.

Notes
Turn   | Place    | Note
-------+----------+-------------------------------------------
     0 | D        | Fang the Felid Fighter began the quest for the Orb.
     0 | D        | Reached XP level 1. HP: 10/10 MP: 2/2
     3 | D        | Became a worshipper of Makhleb the Destroyer
     5 | D        | Noticed a bag of meat
     6 | D        | Noticed a bag of meat
     6 | D        | Noticed a meat berserker
     6 | D        | Noticed a bag of meat
     7 | D        | Noticed a bag of meat
     7 | D        | Killed a bag of meat
     7 | D        | Reached XP level 2. HP: 24/24 MP: 3/3
     7 | D        | Reached XP level 3. HP: 28/28 MP: 4/4
     7 | D        | Reached XP level 4. HP: 32/32 MP: 5/5
     7 | D        | Reached XP level 5. HP: 36/36 MP: 6/6
     7 | D        | Gained mutation: You are covered in thick fur. (AC +2) [Felid growth]
     7 | D        | Reached XP level 6. HP: 40/40 MP: 7/7
     7 | D        | Reached XP level 7. HP: 43/43 MP: 8/8
     7 | D        | Reached XP level 8. HP: 48/48 MP: 9/9
     7 | D        | Reached XP level 9. HP: 51/51 MP: 10/10
     7 | D        | Reached XP level 10. HP: 55/55 MP: 11/11
     7 | D        | Reached XP level 11. HP: 59/59 MP: 12/12
     8 | D        | Noticed a bag of meat
     8 | D        | Mangled by a meat berserker
     9 | D        | Reached XP level 10. HP: -7/55 MP: 11/11
     9 | D        | Mangled by a meat berserker
    10 | D        | Reached XP level 9. HP: -13/51 MP: 10/10
    10 | D        | Noticed a bag of meat
    10 | D        | Noticed a bag of meat
    10 | D        | Noticed a meat berserker
    10 | D        | Killed a bag of meat
    10 | D        | Reached * piety under Makhleb
    10 | D        | Reached skill level 15 in Fighting
    10 | D        | Reached XP level 10. HP: 58/58 MP: 11/11
    10 | D        | Reached XP level 11. HP: 62/62 MP: 12/12
    10 | D        | Gained mutation: Your thick and shaggy fur keeps you warm. (AC +3, rC+) [Felid growth]
    10 | D        | Reached XP level 12. HP: 66/66 MP: 13/13
    11 | D        | Noticed a bag of meat
    11 | D        | Killed a bag of meat
    11 | D        | Reached XP level 13. HP: 72/72 MP: 14/14
    12 | D        | Noticed a bag of meat
    12 | D        | Noticed a bag of meat
    12 | D        | Noticed a bag of meat
    12 | D        | Noticed a meat berserker
    12 | D        | Noticed a bag of meat
    13 | D        | Noticed a meat berserker
    13 | D        | Noticed a bag of meat
    13 | D        | Noticed a bag of meat
    14 | D        | Annihilated by a meat berserker
    15 | D        | Reached XP level 12. HP: -23/68 MP: 13/13
    15 | D        | Noticed a bag of meat
    15 | D        | Noticed a bag of meat
    15 | D        | Noticed a bag of meat
    15 | D        | Noticed a meat berserker
    16 | D        | Killed a bag of meat
    16 | D        | Reached skill level 27 in Unarmed Combat
    16 | D        | Reached XP level 13. HP: 74/74 MP: 14/14
    18 | D        | Noticed a meat berserker
    20 | D        | Noticed a bag of meat
    20 | D        | Noticed a meat berserker
    20 | D        | Noticed a bag of meat
    21 | D        | Killed a meat berserker
    21 | D        | Reached ** piety under Makhleb
    21 | D        | Reached XP level 14. HP: 23/84 MP: 15/15
    23 | D        | Killed a bag of meat
    23 | D        | Reached skill level 27 in Dodging
    24 | D        | Noticed a destroyer
    25 | D        | Noticed a bag of meat
    25 | D        | Noticed a destroyer
    26 | D        | Noticed a bag of meat
    26 | D        | Noticed a large bag of meat
    26 | D        | Noticed a large bag of meat
    26 | D        | Killed a meat berserker
    26 | D        | Reached skill level 27 in Fighting
    26 | D        | Reached XP level 15. HP: 95/95 MP: 16/16
    27 | D        | Noticed a meat berserker
    27 | D        | Reached *** piety under Makhleb
    27 | D        | Reached XP level 16. HP: 97/100 MP: 16/32
    28 | D        | Noticed a destroyer
    30 | D        | Noticed a meat berserker
    30 | D        | Killed a meat berserker
    31 | D        | Killed a destroyer
    31 | D        | Reached **** piety under Makhleb
    31 | D        | Reached skill level 27 in Stealth
    31 | D        | Reached XP level 17. HP: 54/104 MP: 16/42
    32 | D        | Mangled by a meat berserker
    33 | D        | Reached XP level 16. HP: -9/100 MP: 16/42
    33 | D        | Noticed a destroyer
    33 | D        | Noticed a meat berserker
    33 | D        | Noticed a large bag of meat
    35 | D        | Killed a meat berserker
    35 | D        | Reached XP level 17. HP: 16/104 MP: 42/46
    37 | D        | Annihilated by a large bag of meat
    38 | D        | Reached XP level 16. HP: -59/100 MP: 43/45
    39 | D        | Noticed a large bag of meat
    41 | D        | Noticed a meat berserker
    43 | D        | Reached skill level 27 in Invocations
    45 | D        | Noticed a meat berserker
    45 | D        | Annihilated by a bag of meat

Skill      XL: |  1  2  3  4  5  6  7  8  9 10 11 12 13 14 15 16 17 |
---------------+----------------------------------------------------+-----
Fighting       | 13 15 18 22 27 | 27.0
Dodging        | 16 18 22 26 27 | 27.0
Unarmed Combat | 21 24 27 | 27.0
Stealth        | 16 27 | 27.0
Spellcasting   | 11 25 21 | 25.8
Invocations    | 12 27 23 | 27.0

Action                   |  1- 3 |  4- 6 |  7- 9 | 10-12 | 13-15 | 16-18 || total
-------------------------+-------+-------+-------+-------+-------+-------++-------
Melee: Unarmed           |     1 |       |     1 |     2 |     4 |     6 ||    14
Dodge: Dodged            |       |       |       |       |     2 |     6 ||     8
